 Dungeon Crawl Stone Soup version 0.27.1-3-gb3d3a73c9e (webtiles) character file.

Game seed: 5756274990233713243

13732 cdecastro the Arsonist (level 11, -2/54 HPs)
             Began as a Deep Elf Fire Elementalist on Oct 4, 2021.
             Was a Priest of Vehumet.
             Slain by a dire elephant simulacrum (21 damage)
             ... in an ice cave on Oct 7, 2021.
             The game lasted 01:08:27 (18592 turns).

cdecastro the Arsonist (DEFE)                      Turns: 18592, Time: 01:08:32

Health: -2/54      AC: 14    Str:  6    XL:     11   Next: 79%
Magic:  4/27       EV: 15    Int: 27    God:    Vehumet [***...]
Gold:   352        SH:  0    Dex: 15    Spells: 2/30 levels left

rFire    + . .     SeeInvis .   y - +3 quarterstaff "Goblin's Nightmare" {vorpal, rElec rPois rF+}
rCold    + . .     Faith    .   (shield currently unavailable)
rNeg     + . .     Spirit   .   L - +3 leather armour
rPois    +         Reflect  .   Y - +0 helmet
rElec    +         Harm     .   U - +0 cloak of the Farrier {rF+ rN+ Int+4}
rCorr    .         Rampage  .   m - +0 pair of gloves
Will     +....                  Z - +0 pair of boots
Stlth    +++.......             (no amulet)
HPRegen  0.18/turn              u - +4 ring of protection
MPRegen  0.20/turn              x - ring of ice

@: no status effects
A: no striking features
a: Renounce Religion


You were in an ice cave.
You worshipped Vehumet.
Vehumet was most pleased with you.
You visited 2 branches of the dungeon, and saw 12 of its levels.
You also visited: Bailey and Ice Cave.

You collected 1614 gold pieces.
You spent 1262 gold pieces at shops.

Inventory:

Hand Weapons
 y - the +3 quarterstaff "Goblin's Nightmare" (weapon) {vorpal, rElec rPois rF+}
   (You found it on level 4 of the Dungeon)

   It inflicts extra damage upon your enemies.
   rF:        It protects you from fire.
   rElec:     It insulates you from electricity.
   rPois:     It protects you from poison.
Missiles
 e - 12 curare-tipped darts
 h - 232 arrows
 i - 89 bolts
 j - 26 poisoned darts
 F - 7 datura-tipped darts
 H - 50 boomerangs
Armour
 m - a +0 pair of gloves (worn)
 r - a scarf of shadows
 L - a +3 leather armour (worn)
 U - the +0 cloak of the Farrier (worn) {rF+ rN+ Int+4}
   (You found it in a bailey)

   Int:       It affects your intelligence (+4).
   rF:        It protects you from fire.
   rN:        It protects you from negative energy.
 Y - a +0 helmet (worn)
 Z - a +0 pair of boots (worn)
Jewellery
 g - a ring of flight
 s - a ring of willpower
 u - a +4 ring of protection (left hand)
 x - a ring of ice (right hand)
 G - a ring of fire
 X - a ring of see invisible
Wands
 C - a wand of digging (9)
 K - a wand of iceblast (13)
 P - a wand of charming (5)
 Q - a wand of acid (12)
 S - a wand of paralysis (19)
Scrolls
 a - 2 scrolls of holy word
 b - 3 scrolls of fear
 n - 2 scrolls of enchant armour {unknown}
 o - 2 scrolls of vulnerability {unknown}
 w - 4 scrolls of enchant weapon
 A - 3 scrolls of noise {unknown}
 B - a scroll of immolation
 D - 2 scrolls of summoning
 E - a scroll of brand weapon
 I - a scroll of magic mapping
 M - 3 scrolls of teleportation
 N - 3 scrolls of amnesia
 O - a scroll of fog
 W - a scroll of blinking
Potions
 d - 2 potions of mutation
 f - a potion of brilliance
 k - a potion of ambrosia
 l - 4 potions of heal wounds
 p - 3 potions of curing
 q - 2 potions of haste
 t - a potion of flight
 v - 2 potions of cancellation {unknown}
 J - 3 potions of invisibility
Miscellaneous
 c - a condenser vane
 R - a phial of floods


   Skills:
 + Level 8.5 Dodging
 - Level 5.0 Stealth
 - Level 10.0 Spellcasting
 - Level 12.0 Conjurations
 - Level 12.0 Fire Magic
 - Level 5.0 Earth Magic


You had 2 spell levels left.
You knew the following spells:

 Your Spells              Type           Power      Damage    Failure   Level
a - Foxfire               Conj/Fire      100%       2x1d9     1%          1
b - Conjure Flame         Conj/Fire      67%        6-21      1%          3
c - Sticky Flame          Conj/Fire      67%        2d8       1%          4
d - Magic Dart            Conj           100%       1d8       1%          1
e - Fireball              Conj/Fire      33%        3d14      1%          5
f - Stone Arrow           Conj/Erth      100%       3d13      1%          3
g - Searing Ray           Conj           100%       3d7       1%          2
h - Bolt of Magma         Conj/Fire/Erth 30%        4d14      1%          5
i - Fulminant Prism       Conj/Hex       22%        3d13      1%          4

Your spell library contained the following spells:

 Spells                   Type           Power      Damage    Failure   Level
 Pain                     Necr           52%        1d6       7%          1
 Ignite Poison            Fire/Tmut/Pois 35%        N/A       1%          3
 Inner Flame              Hex/Fire       45%        N/A       1%          3
 Cause Fear               Hex            6%         N/A       54%         4
 Agony                    Necr           13%        N/A       88%         5
 Excruciating Wounds      Necr           6%         N/A       88%         5
 Dragon Form              Tmut           6%         N/A       100%        7
 Dragon's Call            Summ           6%         N/A       100%        9
 Shatter                  Erth           20%        3d18*     100%        9


Dungeon Overview and Level Annotations

Branches:
Dungeon (11/15)            Temple (1/1) D:5            Lair (0/6) D:8
 Bailey (visited)           IceCv (1/1)
    Orc: D:9-12

Altars:
Ashenzari
Cheibriados
Dithmenos
Elyvilon
Fedhas
Gozag
Hepliaklqana
Kikubaaqudgha
Makhleb
Nemelex Xobeh
Okawaru
Qazlal
Ru
Sif Muna
Trog
Uskayaw
Vehumet
Wu Jian
Xom
Yredelemnul
Zin
The Shining One

Shops:
D:2 (=*

Annotations:
D:5 2 transporters, GravelGoth's ghost, novice MiFi
D:11 Gastronok


Message History

The sticky flame hits the white ugly thing!
The white ugly thing is moderately wounded.
The white ugly thing is covered in liquid flames!
The white ugly thing burns!
The white ugly thing is engulfed in blazing flames.
The white ugly thing pecks you! The white ugly thing freezes you! You resist.
Unknown command.
Unknown command.
You hit the white ugly thing.
The white ugly thing is severely wounded.
The white ugly thing burns! x2
The white ugly thing is engulfed in blazing flames.
The white ugly thing misses you.
You barely miss the white ugly thing.
The white ugly thing is almost dead.
The white ugly thing burns!
The white ugly thing is engulfed in blazing flames.
You kill the white ugly thing!
Vehumet accepts your kill.
You feel your power returning.
Your Dodging skill increases to level 8!
You hit the dire elephant simulacrum.
The dire elephant simulacrum is heavily damaged.
The dire elephant simulacrum is engulfed in blazing flames.
The dire elephant simulacrum vaporises!
Vehumet accepts your kill.
You hit the dire elephant simulacrum but do no damage.
The dire elephant simulacrum misses you.
The dire elephant simulacrum trunk-slaps you.
The dire elephant simulacrum freezes you!
You resist.
* * * LOW HITPOINT WARNING * * *
You hit the dire elephant simulacrum but do no damage.
The dire elephant simulacrum is engulfed in blazing flames.
The dire elephant simulacrum barely misses you.
The dire elephant simulacrum trunk-slaps you.
* * * LOW HITPOINT WARNING * * *
The dire elephant simulacrum freezes you!!
You resist.
You die...

##...##
##.....##
#.......#
#.......#
#.......#
#.......#
#.......#
####Z####
#...@..[#
#.......#
#......[#
#......}#
#.......#
##.....##
##...##
##.##
##...##


You could see a dire elephant simulacrum.

Vanquished Creatures
  A hydra (D:9)
  A centaur warrior (D:9)
  A two-headed ogre (D:10)
  Sonja (D:10)
  2 orc knights (Bailey)
  2 ugly things (IceCv)
  3 ice statues (IceCv)
  Joseph (D:8)
  A komodo dragon (D:7)
  A troll (D:7)
  A hornet (D:9)
  A shadow (D:10)
  2 dire elephant simulacra (IceCv)
  A wyvern (D:9)
  5 yaks
  2 death yak simulacra (IceCv)
  A steam dragon (D:7)
  2 acid dragons
  4 ice beasts
  A black bear (D:4)
  13 orc warriors
  3 sky beasts
  A necrophage (D:4)
  2 ogres
  A centaur (D:9)
  A phantom (D:6)
  4 kobold brigands
  2 bullfrogs (D:7)
  2 cane toad simulacra (IceCv)
  5 scorpions
  3 killer bees (D:8)
  10 wights
  3 electric eels (D:8)
  5 howler monkeys
  3 centaur zombies
  2 hounds
  15 orc priests
  A gnoll shaman (D:8)
  4 jellies
  3 iguanas
  14 orc wizards
  A wolf simulacrum (IceCv)
  A hound skeleton (D:4)
  A howler monkey zombie (D:7)
  4 adders
  4 gnolls
  A worm (D:2)
  2 dart slugs
  35 orcs
  5 ball pythons (D:2)
  5 endoplasms
  2 giant cockroaches
  7 goblins
  8 hobgoblins
  4 jackals
  27 kobolds
  2 quokkas
  3 bats
  3 frilled lizards
  2 rats (D:2)
248 creatures vanquished.

Vanquished Creatures (collateral kills)
  A foxfire (D:8)
1 creature vanquished.

Vanquished Creatures (others)
  An orc wizard (D:6)
  634 foxfires
  20 fulminant prisms (IceCv)
  17 fungi (D:8)
  36 plants (D:8)
708 creatures vanquished.

Grand Total: 957 creatures vanquished

Notes
Turn   | Place    | Note
-------+----------+-------------------------------------------
     0 | D:1      | cdecastro the Deep Elf Fire Elementalist began the quest
                  | for the Orb.
     0 | D:1      | Reached XP level 1. HP: 10/10 MP: 6/6
   521 | D:1      | Reached XP level 2. HP: 15/15 MP: 4/8
  1239 | D:2      | Found Picluiti's Magic Scroll Shoppe.
  1275 | D:2      | Bought 2 scrolls of identify for 48 gold pieces
  1282 | D:2      | Found Xonles's Weapon Boutique.
  1293 | D:2      | Found Mitoett's Jewellery Shop.
  1538 | D:2      | Found Xaat Uck's Assorted Antiques.
  1559 | D:2      | Reached XP level 3. HP: 8/19 MP: 5/9
  2096 | D:2      | You fall into a shaft and drop 1 floor!
  2214 | D:2      | Found a faded altar of an unknown god.
  2408 | D:2      | Bought a dark potion for 26 gold pieces
  2408 | D:2      | Bought a sapphire potion for 26 gold pieces
  2408 | D:2      | Bought a silvery potion for 26 gold pieces
  2443 | D:3      | Reached skill level 5 in Fire Magic
  2736 | D:3      | Reached XP level 4. HP: 9/24 MP: 7/10
  3347 | D:3      | Learned a level 3 spell: Conjure Flame
  3352 | D:3      | Learned a level 4 spell: Sticky Flame
  3425 | D:3      | Noticed a scorpion
  3435 | D:3      | Killed a scorpion
  3436 | D:3      | Reached XP level 5. HP: 28/28 MP: 6/11
  3818 | D:4      | Found a snail-covered altar of Cheibriados.
  3820 | D:4      | Noticed a black bear
  3897 | D:4      | Identified the +3 quarterstaff "Goblin's Nightmare"
                  | {vorpal, rElec rPois rF+}
  3979 | D:4      | Reached skill level 5 in Conjurations
  4027 | D:3      | Reached XP level 6. HP: 6/31 MP: 6/12
  4670 | D:4      | Noticed an orc warrior
  4907 | D:4      | Reached XP level 7. HP: 36/36 MP: 5/13
  5506 | D:5      | Entered Level 5 of the Dungeon
  5931 | D:5      | Reached skill level 5 in Spellcasting
  5992 | D:5      | Found a staircase to the Ecumenical Temple.
  6000 | D:5      | Found a transporter.
  6357 | D:5      | Reached XP level 8. HP: 40/41 MP: 12/17
  6438 | D:5      | Found a transporter.
  6477 | D:5      | Noticed GravelGoth's ghost (novice MiFi)
  6484 | Temple   | Entered the Ecumenical Temple
  6595 | Temple   | Became a worshipper of Vehumet
  6881 | D:5      | Found a shimmering altar of Xom.
  7499 | D:6      | Reached skill level 10 in Fire Magic
  7775 | D:6      | Reached * piety under Vehumet
  7775 | D:6      | Offered knowledge of Magic Dart by Vehumet.
  7780 | D:6      | Reached XP level 9. HP: 45/45 MP: 14/18
  7798 | D:5      | Learned a level 1 spell: Magic Dart
  7804 | D:5      | Learned a level 5 spell: Fireball
  8098 | D:6      | Upgraded the game from 0.27.1-2-g3b301248ec to
                  | 0.27.1-3-gb3d3a73c9e
  8939 | D:7      | Noticed a troll
  8957 | D:7      | Killed a troll
  8958 | D:7      | Reached skill level 10 in Conjurations
  9385 | D:7      | Reached skill level 5 in Dodging
  9765 | D:8      | Noticed a komodo dragon
  9778 | D:7      | Killed a komodo dragon
  9779 | D:7      | Reached skill level 5 in Stealth
  9859 | D:7      | Offered knowledge of Poisonous Vapours by Vehumet.
 10102 | D:8      | Reached XP level 10. HP: 39/50 MP: 15/19
 10103 | D:8      | Reached ** piety under Vehumet
 10460 | D:8      | Noticed Joseph
 10751 | D:2      | Bought a scroll labelled XEOCLU MYFITWUWKI for 29 gold
                  | pieces
 10751 | D:2      | Bought a scroll labelled LASIRORALL for 29 gold pieces
 10751 | D:2      | Bought a scroll labelled INIRCH KIUCZOEN for 29 gold pieces
 10751 | D:2      | Bought a scroll labelled ECUEMUT UPTEKE for 29 gold pieces
 10807 | D:2      | Bought a scroll of amnesia for 42 gold pieces
 10807 | D:2      | Bought a scroll of teleportation for 36 gold pieces
 10807 | D:2      | Bought a scroll of magic mapping for 42 gold pieces
 10807 | D:2      | Bought a scroll of fog for 24 gold pieces
 11907 | D:8      | Found a staircase to the Lair.
 11914 | D:8      | Learned a level 3 spell: Stone Arrow
 11946 | D:8      | Killed Joseph
 12173 | D:8      | Offered knowledge of Searing Ray by Vehumet.
 12595 | D:8      | Learned a level 2 spell: Searing Ray
 13104 | D:9      | Found a flagged portal.
 13128 | Bailey   | Entered a bailey
 13152 | Bailey   | Noticed an orc knight
 13162 | Bailey   | Reached *** piety under Vehumet
 13348 | Bailey   | Killed an orc knight
 13484 | Bailey   | Noticed an orc knight
 13546 | Bailey   | Identified the +0 cloak of the Farrier {rF+ rN+ Int+4}
 13623 | Bailey   | Killed an orc knight
 13624 | Bailey   | Reached skill level 10 in Spellcasting
 13633 | Bailey   | Learned a level 5 spell: Bolt of Magma
 13675 | Bailey   | Reached skill level 1 in Earth Magic
 14044 | Bailey   | Offered knowledge of Fulminant Prism by Vehumet.
 14119 | Bailey   | Learned a level 4 spell: Fulminant Prism
 14648 | D:9      | Noticed a six-headed hydra
 14680 | D:9      | Noticed a centaur warrior
 14687 | D:9      | Killed a centaur warrior
 14688 | D:9      | Reached XP level 11. HP: 52/54 MP: 25/27
 15026 | D:9      | Found an ancient bone altar of Kikubaaqudgha.
 15026 | D:9      | Found a shimmering blue altar of Sif Muna.
 15186 | D:9      | Killed a six-headed hydra
 15187 | D:9      | Reached skill level 5 in Earth Magic
 15525 | D:10     | Entered Level 10 of the Dungeon
 15585 | D:10     | Noticed a two-headed ogre
 15595 | D:10     | Killed a two-headed ogre
 15711 | D:10     | Noticed Sonja
 15712 | D:10     | Killed Sonja
 16359 | D:2      | Bought a scroll of summoning for 114 gold pieces
 16359 | D:2      | Bought a scroll of identify for 24 gold pieces
 16359 | D:2      | Bought a scroll of identify for 24 gold pieces
 16359 | D:2      | Bought a scroll of identify for 24 gold pieces
 16376 | D:2      | Bought a ring of willpower for 300 gold pieces
 16376 | D:2      | Bought a ring of flight for 210 gold pieces
 16376 | D:2      | Bought a ring of see invisible for 180 gold pieces
 16672 | D:11     | Found a frozen archway.
 16825 | D:11     | Noticed Gastronok
 16830 | IceCv    | Entered an ice cave
 17145 | IceCv    | Noticed a white ugly thing
 17155 | IceCv    | Killed a white ugly thing
 18569 | IceCv    | Noticed a white ugly thing
 18589 | IceCv    | Killed a white ugly thing
 18592 | IceCv    | Slain by a dire elephant simulacrum

Illustrated notes

Levels and vault maps discovered:
D:1:      amcnicky_arrival_wind_blow, layout_loops_ring, serial_forest,
          infiniplex_forest_lined_4_way, infiniplex_forest_lined_2,
          infiniplex_forest_lined_corner, infiniplex_forest_join,
          infiniplex_forest_clump_small, infiniplex_forest_3_way,
          hangedman_decor_push
D:2:      layout_rooms, shapermc_ecumenical_altar_pompeii, serial_shops,
          nicolae_square_shop, nicolae_diamond_shop, nicolae_shop_statue_plus,
          shop
D:3:      corexii_shack_village, layout_basic
D:4:      layout_loops_ring, overflow_temple_1_default,
          hangedman_decor_opposing, minmay_misc_feat_room
D:5:      layout_rooms, lemuel_tele_altar, minmay_temple_entry_trees,
          gammafunk_ghost_stat_death
D:6:      layout_basic
D:7:      layout_loops_ring
D:8:      minmay_goldmine, layout_loops_corners, grunt_lair_entry_orc_guard_hut,
          minivault_5, chequers_garden, chequers_big_river, serial_bayou_pond_b,
          item_on_display_a, uniq_joseph
D:9:      layout_roguey, gammafunk_temple_overflow_wave, enter_bailey_2,
          minmay_three_doors
D:10:     layout_rooms, uniq_sonja
D:11:     layout_layer_cave, portal_ice_cave_entry_pillars_2,
          minmay_lindwurm_lava, uniq_gastronok
Temple:   compressed_dpeg_circular_temple
IceCv:    ice_cave_statue_garden_chambered

Skill      XL: |  1  2  3  4  5  6  7  8  9 10 11 |
---------------+----------------------------------+-----
Fire Magic     | 4 5 7 10 12 | 12.0
Conjurations   | 2 4 5 7 8 10 12 | 12.0
Spellcasting   | 5 10 | 10.0
Dodging        | 5 8 |  8.5
Stealth        | 5 |  5.0
Earth Magic    | 4 5 |  5.0

Action                   |  1- 3 |  4- 6 |  7- 9 | 10-12 || total
-------------------------+-------+-------+-------+-------++-------
Melee: Unarmed           |     8 |       |       |       ||     8
       Quarterstaff      |       |    15 |    59 |    55 ||   129
 Cast: Foxfire           |    52 |    57 |   146 |   101 ||   356
       Conjure Flame     |       |     5 |     2 |    11 ||    18
       Sticky Flame      |       |       |    28 |    39 ||    67
       Magic Dart        |       |       |    24 |    13 ||    37
       Stone Arrow       |       |       |       |    26 ||    26
       Fireball          |       |       |       |     5 ||     5
       Searing Ray       |       |       |       |     2 ||     2
       Bolt of Magma     |       |       |       |    27 ||    27
       Fulminant Prism   |       |       |       |    20 ||    20
Evoke: Wand              |       |       |       |     3 ||     3
  Use: Scroll            |     3 |       |     7 |     7 ||    17
       Potion            |       |       |       |     3 ||     3
 Stab: Sleeping          |       |     1 |     1 |     2 ||     4
Armor: Robe              |     5 |    14 |    45 |       ||    64
       Leather armour    |       |       |     7 |    72 ||    79
Dodge: Dodged            |    24 |    25 |    74 |    86 ||   209
